 Dungeon Crawl Stone Soup version 0.23-a0-344-ge122d05652 (webtiles) character file.

3644 Holzbalken the Basher (level 9, -7/61 HPs)
             Began as a Demonspawn Gladiator on Oct 19, 2018.
             Was a Believer of Qazlal.
             Mangled by a manticore (18 damage)
             ... on level 9 of the Dungeon.
             The game lasted 00:28:00 (9973 turns).

Holzbalken the Basher (Demonspawn Gladiator)        Turns: 9973, Time: 00:28:01

Health: -7/61      AC: 10    Str: 17    XL:     9   Next: 88%
Magic:  9/9        EV: 10    Int:  9    God:    Qazlal [**....]
Gold:   572        SH:  2    Dex: 16    Spells: 8/8 levels left

rFire    + . .     SeeInvis .   a - +0 flail
rCold    x . .     Gourm    +   (no shield)
rNeg     . . .     Faith    .   x - +0 chain mail
rPois    .         Spirit   .   c - +0 helmet
rElec    .         Reflect  .   O - scarf {repulsion}
rCorr    .         Harm     .   K - +0 pair of gloves
MR       .....                  (no boots)
Stlth    ..........             A - amulet of the gourmand
HPRegen  0.20/turn              r - ring of fire
MPRegen  0.11/turn              (no ring)

@: repel missiles
A: talons 1, spiny 2, sturdy frame 2
a: Upheaval, Renounce Religion


You were on level 9 of the Dungeon.
You worshipped Qazlal.
Qazlal was pleased with you.
You were completely stuffed.

You visited 2 branches of the dungeon, and saw 10 of its levels.
You also visited: Sewer.

You collected 572 gold pieces.

Inventory:

Hand Weapons
 a - a +0 flail (weapon)
Missiles
 d - 4 throwing nets (quivered)
 D - 6 tomahawks
Armour
 b - a +0 leather armour
 c - a +0 helmet (worn)
 i - a scarf of cloud immunity
 n - a +0 scale mail
 x - a +0 chain mail (worn)
 C - a +0 cloak
 K - a +0 pair of gloves (worn)
 O - a scarf of repulsion (worn)
Jewellery
 r - a ring of fire (left hand)
 A - an amulet of the gourmand (around neck)
 I - an uncursed ring of fire
Wands
 j - a wand of flame (22)
 y - a wand of disintegration (5)
 H - a wand of acid (7)
Scrolls
 g - 2 scrolls of random uselessness {unknown}
 k - a scroll of magic mapping
 l - 5 scrolls of teleportation
 m - 4 scrolls of remove curse
 o - 3 scrolls of fear {unknown}
 s - 4 scrolls of enchant weapon {unknown}
 t - 2 scrolls of enchant armour {unknown}
 w - 12 scrolls of identify {unknown}
 B - a scroll of fog {unknown}
 F - a scroll of torment {unknown}
 J - a scroll of blinking {unknown}
 L - a scroll of vulnerability {unknown}
Potions
 e - 3 potions of heal wounds {unknown}
 h - 6 potions of curing {unknown}
 p - 2 potions of brilliance {unknown}
 q - 2 potions of agility {unknown}
 u - 2 potions of cancellation {unknown}
 v - a potion of mutation {unknown}
 z - 2 potions of degeneration {unknown}
 E - 2 potions of magic {unknown}
 G - 2 potions of resistance {unknown}
 M - a potion of ambrosia {unknown}
Comestibles
 f - 22 rations
 N - 6 chunks of flesh


   Skills:
 - Level 2.0 Fighting
 + Level 12.9 Maces & Flails
 - Level 1.7 Throwing
 - Level 2.6 Dodging


You had 8 spell levels left.
You didn't know any spells.
Your spell library contained the following spells:

 Spells                   Type           Power        Failure   Level  Hunger
 Sting                    Conj/Pois      #...         88%         1    ##.....
 Summon Small Mammal      Summ           #...         88%         1    ##.....
 Call Imp                 Summ           #.......     96%         2    ###....
 Poisonous Vapours        Pois/Air       #.....       96%         2    ###....
 Call Canine Familiar     Summ           #.......     99%         3    ####...
 Mephitic Cloud           Conj/Pois/Air  #.......     99%         3    ####...
 Summon Guardian Golem    Hex/Summ       #.......     99%         3    ####...
 Olgreb's Toxic Radiance  Pois           #.......     100%        4    #####..
 Summon Ice Beast         Ice/Summ       #.......     100%        4    #####..
 Summon Lightning Spire   Summ/Air       #.......     100%        4    #####..
 Venom Bolt               Conj/Pois      #.........   100%        5    ######.


Dungeon Overview and Level Annotations

Branches:
Dungeon (9/15)             Temple (1/1) D:5
   Lair: D:8-11         Orc: D:9-12

Altars:
Ashenzari
Cheibriados
Dithmenos
Elyvilon
Fedhas
Gozag
Hepliaklqana
Kikubaaqudgha
Nemelex Xobeh
Okawaru
Qazlal
Ru
Sif Muna
Trog
Uskayaw
Vehumet
Wu Jian
Xom
Yredelemnul
Zin
The Shining One

Shops:
D:6 :


Innate Abilities, Weirdness & Mutations

You have sharp toenails.
You are mostly covered in sharp spines.
Your movements are less encumbered by armour. (ER -4)


Message History

[Y]es or [N]o only, please.
The barbs in your skin will harm you if you move.
Continue?
Okay, then.
The manticore flicks its tail.
The volley of spikes is repelled.
The manticore flicks its tail.
The volley of spikes misses you.
You carefully extract the barbed spikes from your body.
The manticore bites you.
The manticore claws you but does no damage. x2
You sock the manticore!
You claw the manticore, but do no damage.
The manticore is lightly wounded.
The manticore bites you!! The manticore claws you!
* * * LOW HITPOINT WARNING * * *
The manticore closely misses you.
You hit the manticore. Your kick misses the manticore.
The manticore is moderately wounded.
The manticore is struck by your spines. The manticore bites you!!
You die...

#....# #....# # #.... .#
#...# ..#
#...########+##...#
#....(.......>....#
#...÷.............#
#....§....÷.......#
######...@H............#
##...##...##.......##...#
#....#....##.......# ..#
#+######..(#....#........#
#
......##...##...##.......#
.<....#....##...##.......#
......#.....#.......†....+
......#.....#...##.......#
......##...##.).##.......#


You could see a manticore.

Vanquished Creatures
  2 hippogriffs
  2 orc warriors (D:7)
  A water moccasin (D:6)
  5 sky beasts
  2 ice beasts
  A black bear (D:9)
  2 ogres
  4 bullfrogs
  3 scorpions
  A wyvern skeleton (D:6)
  4 killer bees (D:7)
  10 wights
  2 howler monkeys
  3 jellies
  2 orc priests
  A hound (D:2)
  3 orc wizards
  3 iguanas
  9 worker ants
  Ijyb (D:4)
  Terence (D:2)
  A hound zombie (D:7)
  A hound skeleton (D:8)
  A worker ant zombie (D:8)
  A howler monkey skeleton (D:5)
  14 adders
  A shadow imp (D:6)
  An ooze (D:7)
  An adder zombie (D:9)
  3 adder skeletons
  8 worms
  2 dart slugs
  7 leopard geckos
  20 orcs
  3 giant cockroaches
  8 hobgoblins
  16 jackals
  19 kobolds
  4 quokkas
  6 ball pythons
  12 bats
  7 frilled lizards
  11 goblins
  8 rats
  A plant (Sewer)
218 creatures vanquished.

Notes
Turn   | Place    | Note
-------+----------+-------------------------------------------
     0 | D:1      | Holzbalken the Demonspawn Gladiator began the quest for the
                  | Orb.
     0 | D:1      | Reached XP level 1. HP: 16/16 MP: 1/1
    72 | D:1      | Reached skill level 3 in Maces & Flails
   431 | D:1      | Gained mutation: You are partially covered in sharp spines.
                  | [demonic ancestry]
   431 | D:1      | Reached XP level 2. HP: 21/22 MP: 2/2
   648 | D:1      | Reached XP level 3. HP: 20/27 MP: 3/3
  1170 | D:2      | Reached skill level 4 in Maces & Flails
  1180 | D:2      | Noticed Terence
  1202 | D:2      | Killed Terence
  1589 | D:2      | Gained mutation: You have sharp toenails. [demonic
                  | ancestry]
  1589 | D:2      | Reached XP level 4. HP: 32/33 MP: 4/4
  1815 | D:2      | Reached skill level 5 in Maces & Flails
  2058 | D:2      | Found an iron altar of Okawaru.
  2058 | D:2      | Found a shimmering altar of Xom.
  2745 | D:3      | Found a glowing drain.
  2746 | D:3      | Gained mutation: You are mostly covered in sharp spines.
                  | [demonic ancestry]
  2746 | D:3      | Reached XP level 5. HP: 35/38 MP: 5/5
  2755 | Sewer    | Entered a sewer
  3882 | D:4      | Reached skill level 6 in Maces & Flails
  3946 | D:4      | Noticed Ijyb
  3951 | D:4      | Killed Ijyb
  3951 | D:4      | Gained mutation: Your movements are slightly less
                  | encumbered by armour. (ER -2) [demonic ancestry]
  3951 | D:4      | Reached XP level 6. HP: 27/44 MP: 6/6
  4605 | D:4      | Reached skill level 7 in Maces & Flails
  4889 | D:5      | Entered Level 5 of the Dungeon
  4901 | D:5      | Gained mutation: Your movements are less encumbered by
                  | armour. (ER -4) [demonic ancestry]
  4901 | D:5      | Reached XP level 7. HP: 47/50 MP: 7/7
  5063 | D:5      | Found a staircase to the Ecumenical Temple.
  5069 | Temple   | Entered the Ecumenical Temple
  5241 | Temple   | Became a worshipper of Qazlal Stormbringer
  5658 | D:6      | Reached skill level 8 in Maces & Flails
  5688 | D:6      | Found Fyliyffu's Book Emporium.
  5738 | D:6      | Found a sacrificial altar of Ru.
  5861 | D:6      | HP: 1/50 [something/magic dart (5)]
  6185 | D:6      | Reached skill level 9 in Maces & Flails
  6185 | D:6      | Reached XP level 8. HP: 10/56 MP: 8/8
  6892 | D:6      | Found a shadowy altar of Dithmenos.
  7122 | D:7      | Reached skill level 10 in Maces & Flails
  7435 | D:7      | Reached * piety under Qazlal
  7573 | D:7      | Noticed a hippogriff
  7585 | D:7      | Killed a hippogriff
  7717 | D:7      | Reached skill level 11 in Maces & Flails
  7717 | D:7      | Reached XP level 9. HP: 53/61 MP: 9/9
  9011 | D:8      | Reached skill level 12 in Maces & Flails
  9843 | D:9      | Reached ** piety under Qazlal
  9964 | D:9      | Noticed a manticore
  9973 | D:9      | Mangled by a manticore

Vault maps used:
D:1:      giann_forest_graveyard
D:2:      gammafunk_temple_overflow_elements, uniq_terence
D:3:      portal_sewer_entry_d
D:4:      corexii_shack_village, uniq_ijyb
D:5:      minmay_temple_entry_fiery, first_ration
D:6:      kennysheep_little_box, serial_shops,
          nicolae_shop_competitors_out_of_business,
          nicolae_ru_sacrificial_ziggurat
D:9:      lightli_temple_of_fire, grunt_ogre_cave
Temple:   regret_index_temple_mists
Sewer:    sewer_co_scattered_pipes

Skill      XL: |  1  2  3  4  5  6  7  8  9 |
---------------+----------------------------+-----
Maces & Flails | 3 4 5 6 7 9 11 12 | 12.9
Fighting       | |  2.0
Throwing       | |  1.7
Dodging        | |  2.6

Action                   |  1- 3 |  4- 6 |  7- 9 || total
-------------------------+-------+-------+-------++-------
Melee: Flail             |    95 |   192 |   263 ||   550
       Kick              |       |    53 |    80 ||   133
  Use: Scroll            |       |       |     3 ||     3
  Eat: Chunk             |     2 |    11 |    25 ||    38
Armor: Leather armour    |    33 |       |       ||    33
       Scale mail        |     7 |    20 |       ||    27
       Chain mail        |       |    55 |   124 ||   179
Dodge: Dodged            |    70 |    69 |   118 ||   257
       Deflected         |       |       |     1 ||     1
Block: Other             |       |       |     7 ||     7

Table legend:
 A = Non-vault XP
 B = Vault XP
 C = Vault XP percentage of total XP
 D = Non-vault monster count
 E = Vault monster count
 F = Vault count percentage of total count
                 A         B        C        D         E       F
            +---------+---------+-------+---------+---------+-------
      Total |    5033 |     174 |   3.3 |     181 |      36 |  16.6
            +---------+---------+-------+---------+---------+-------
        D:1 |      47 |       0 |   0.0 |      29 |       0 |   0.0
        D:2 |      88 |      32 |  26.7 |      27 |       1 |   3.6
        D:3 |      27 |      13 |  32.5 |      13 |       1 |   7.1
        D:4 |     295 |      61 |  17.1 |      17 |      12 |  41.4
        D:5 |     287 |       0 |   0.0 |      11 |       0 |   0.0
        D:6 |     951 |       0 |   0.0 |      19 |       0 |   0.0
        D:7 |    1631 |       0 |   0.0 |      29 |       0 |   0.0
        D:8 |     909 |       0 |   0.0 |      26 |       0 |   0.0
        D:9 |     798 |       0 |   0.0 |      10 |       0 |   0.0
      Sewer |       0 |      68 | 100.0 |       0 |      22 | 100.0
            +---------+---------+-------+---------+---------+-------
